 Dungeon Sprint DCSS version 0.23-a0-26-g9187234747 (webtiles) character file.

172869 GordonOverkill the Conqueror (level 18, -11/217 HPs)
             Began as a Gargoyle Monk on Aug 3, 2018.
             Was the Champion of Makhleb.
             Mangled by an azure jelly (18 damage)
             ... while paralysed by a floating eye
             ... in the Dungeon (Sprint V: "Ziggurat Sprint").
             The game lasted 00:22:13 (2466 turns).

GordonOverkill the Conqueror (Gargoyle Monk)        Turns: 2466, Time: 00:22:14

Health: -11/217    AC: 45    Str: 28    XL:     18   Next: 4%
Magic:  22/22      EV:  2    Int: 13    God:    Makhleb [******]
Gold:   0          SH:  0    Dex: 15    Spells: 17/17 levels left

rFire    + . .     SeeInvis .   b - +9 broad axe (freeze)
rCold    + . .     Gourm    .   G - +18 shield of the Gong {rElec rN+ MR+ EV-5}
rNeg     + + .     Faith    .   j - +9 gold dragon scales
rPois    ∞         Spirit   .   (no helmet)
rElec    +         Reflect  .   R - +2 cloak
rCorr    .         Harm     .   C - +2 pair of gloves {archery}
MR       +++..     NoTele   +   A - +2 pair of boots {run}
Stlth    ..........             J - amulet of Mirth {RegenMP Slay+2 Stlth+}
HPRegen  0.46/turn              H - ring "Jairch" {Int-2 Slay+6}
MPRegen  0.43/turn              K - ring "Reuch" {MR+ Str+2 Int+2 Dex+3}

@: paralysed, berserking (expiring), corroded, quick
A: big wings, negative energy resistance 1, electricity resistance, unbreathing,
petrification resistance, rot immunity, AC +13
a: Fly, Minor Destruction, Lesser Servant of Makhleb, Major Destruction, Greater
Servant of Makhleb, Renounce Religion


You were in the Dungeon.
You worshipped Makhleb.
Makhleb was exalted by your worship.
You were not hungry.

You visited 1 branch

Inventory:

Hand Weapons
 a - the +7 broad axe "Puewn" {drain, rPois rF+}
   (You took it off a wight in the Dungeon)

   A truly terrible weapon, it drains the life of those it strikes.
   It protects you from fire.
   It protects you from poison.
 b - a +9 broad axe of freezing (weapon)
 w - a +6 antimagic broad axe
 W - the +8 frozen axe "Frostbite" {freezing cloud, *Noise +Fly rC+}
   (You took it off a purple draconian in the Dungeon)

   It has been specially enchanted to freeze those struck by it, causing extra
   injury to most foes and up to half again as much damage against particularly
   susceptible opponents.
   It can also slow down cold-blooded creatures.
   It protects you from cold.
   It lets you fly.
   It may make noises in combat.
Armour
 j - +9 gold dragon scales (worn)
 k - a +0 pair of gloves of strength
 A - a +2 pair of boots of running (worn)
 C - a +2 pair of gloves of archery (worn)
 D - a +1 large shield of reflection
 G - the +18 shield of the Gong (worn) {rElec rN+ MR+ EV-5}
   (You found it in the Dungeon)

   It affects your evasion (-5).
   It insulates you from electricity.
   It protects you from negative energy.
   It affects your resistance to hostile enchantments.
 O - a +0 cloak of magic resistance
 R - a +2 cloak (worn)
Jewellery
 H - the ring "Jairch" (left hand) {Int-2 Slay+6}
   (You found it in the Dungeon)

   [ring of intelligence]

   It affects your intelligence (-2).
   It affects your accuracy and damage with ranged weapons and melee attacks
   (+6).
 J - the amulet of Mirth (around neck) {RegenMP Slay+2 Stlth+}
   (You found it in the Dungeon)

   [amulet of magic regeneration]

   It increases your magic regeneration.
   It affects your accuracy and damage with ranged weapons and melee attacks
   (+2).
   It makes you more stealthy.
 K - the ring "Reuch" (right hand) {MR+ Str+2 Int+2 Dex+3}
   (You found it in the Dungeon)

   [ring of protection from magic]

   It affects your strength (+2).
   It affects your intelligence (+2).
   It affects your dexterity (+3).
   It affects your resistance to hostile enchantments.
 L - the ring "Rezxien" {rPois rF++ rN+ Int+2 Dex-3}
   (You found it in the Dungeon)

   [ring of intelligence]

   It affects your intelligence (+2).
   It affects your dexterity (-3).
   It greatly protects you from fire.
   It protects you from poison.
   It protects you from negative energy.
 M - the ring of Qetyloca {rPois rF+ Str+7 Dex-5}
   (You found it in the Dungeon)

   [ring of poison resistance]

   It affects your strength (+7).
   It affects your dexterity (-5).
   It protects you from fire.
   It protects you from poison.
 V - a +6 ring of evasion
Wands
 u - a wand of disintegration (7)
 x - a wand of iceblast (7)
 y - a wand of acid (7)
Scrolls
 i - 4 scrolls of blinking
 m - 6 scrolls of fog
 n - a scroll of holy word
 o - 4 scrolls of identify
 p - 4 scrolls of remove curse
 q - 2 scrolls of fear
 z - 4 scrolls of amnesia
 S - a scroll of brand weapon
Potions
 d - 10 potions of curing
 e - 14 potions of heal wounds
 f - 13 potions of haste
 g - 7 potions of magic
 h - 2 potions of berserk rage
 r - 2 potions of brilliance
 s - a potion of invisibility
 t - 4 potions of resistance
 v - 9 potions of agility
 Q - a potion of lignification
 Y - 5 potions of might
Miscellaneous
 B - a phial of floods
 E - a fan of gales
 F - a lightning rod (4/4)
Comestibles
 c - 11 rations


   Skills:
 O Level 27 Fighting
 O Level 27 Axes
 O Level 27 Armour
 + Level 15.4 Dodging
 - Level 2.1 Stealth
 - Level 25.1 Shields
 - Level 6.3 Invocations


You had 17 spell levels left.
You didn't know any spells.
Your spell library was empty.

Dungeon Overview and Level Annotations

Branches:
Dungeon (1/1)

Altars:
Ashenzari
Cheibriados
Dithmenos
Elyvilon
Fedhas
Gozag
Hepliaklqana
Kikubaaqudgha
Makhleb
Nemelex Xobeh
Okawaru
Qazlal
Ru
Sif Muna
Trog
Uskayaw
Vehumet
Wu Jian
Xom
Yredelemnul
Zin
The Shining One
Beogh
Jiyva
Lugonu


Innate Abilities, Weirdness & Mutations

You are resistant to torment.
Your stone body is resilient. (AC +13)
You are immune to poison.
Your large and strong wings let you fly indefinitely.
You resist negative energy. (rN+)
You are resistant to electric shocks. (rElec)
You can survive without breathing.
You are immune to petrification.
You are immune to rotting.


Message History

You shrug off the repeated paralysis!
The great orb of eyes bites you but does no damage.
The azure jelly hits you but does no damage.
The azure jelly hits you.
* * * LOW HITPOINT WARNING * * *
The azure jelly freezes you! You resist.
* * * LOW HITPOINT WARNING * * *
The azure jelly hits you but does no damage. x3
The azure jelly hits you.
* * * LOW HITPOINT WARNING * * *
The azure jelly freezes you! You resist.
* * * LOW HITPOINT WARNING * * *
The azure jelly hits you but does no damage. x6
Two slime creatures merge to form a very large slime creature.
Two slime creatures merge to form an enormous slime creature.
The azure jelly hits you but does no damage. x8
The azure jelly hits you.
* * * LOW HITPOINT WARNING * * *
The azure jelly freezes you!! You resist.
You die...

..............▓.JJJJ.........
..............▓.................
............. ▓.G...............
.▓.......▓... ▓JJ...............
▓▓▓.....▓▓▓.. ▓JJJ.▓.........▓..
.▓.......▓... ▓JJGJJG...........
††........... ▓JGJJ.............
............. ▓JJJJ.............
.....©....... ▓G@JJG....©.......
▓▓▓▓▓▓▓▓▓▓▓▓▓ ▓▓▓▓▓▓▓▓▓▓▓▓▓▓▓▓▓▓


You could see 4 azure jellies, a great orb of eyes, 2 enormous slime creatures,
2 very large slime creatures, a large slime creature, 2 slime creatures, 2 eyes
of devastation, 3 death oozes, an eye of draining, 4 jellies and 2 floating
eyes.

Vanquished Creatures
  Saint Roka (D)
  2 golden dragons (shapeshifter) (D)
  Nikola (D)
  A lich (D)
  A deep elf blademaster (D)
  2 titans (shapeshifter) (D)
  5 acid blobs (D)
  Rupert (D)
  2 quicksilver dragons (D)
  An acid blob (shapeshifter) (D)
  Polyphemus (D)
  2 sphinxes (shapeshifter) (D)
  A shadow dragon (shapeshifter) (D)
  A shadow dragon (D)
  Frances (D)
  An azure jelly (D)
  A nagaraja (D)
  An azure jelly (shapeshifter) (D)
  4 draconian knights (D)
  A balrug (D)
  4 deep elf sorcerers (D)
  An iron dragon (shapeshifter) (D)
  2 iron dragons (D)
  4 draconian scorchers (D)
  Aizul (D)
  Louise (D)
  2 emperor scorpions (shapeshifter) (D)
  6 orc warlords (D)
  A draconian annihilator (D)
  7 reapers (D)
  4 stone giants (D)
  3 green draconians (D)
  Nessos (D)
  2 deep elf annihilators (D)
  5 black draconians (D)
  A deep elf demonologist (D)
  3 red draconians (D)
  6 white draconians (D)
  5 purple draconians (D)
  2 yellow draconians (D)
  A dire elephant (D)
  3 death oozes (D)
  An ettin (shapeshifter) (D)
  Josephine (D)
  2 crystal guardians (D)
  3 hydras (D)
  3 naga warriors (D)
  8 vault guards (D)
  Erolcha (D)
  An anaconda (D)
  Erica (D)
  A catoblepas (D)
  2 orc high priests (D)
  A hell hog (D)
  2 dancing weapons (D)
  A shock serpent (shapeshifter) (D)
  2 deep elf knights (D)
  4 iron golems (D)
  2 iron trolls (shapeshifter) (D)
  A sea snake (shapeshifter) (D)
  A glowing orange brain (D)
  A glowing orange brain (shapeshifter) (D)
  2 flayed ghosts (D)
  3 orc knights (D)
  A lindwurm (shapeshifter) (D)
  4 deep elf magi (D)
  2 manticores (shapeshifter) (D)
  An oklob plant (D)
  2 harpies (shapeshifter) (D)
  An orc sorcerer (D)
  A salamander (shapeshifter) (D)
  2 cyclopes (D)
  A moth of wrath (shapeshifter) (D)
  3 wolf spiders (shapeshifter) (D)
  3 elephants (D)
  3 black mambas (D)
  An elephant (shapeshifter) (D)
  A black mamba (shapeshifter) (D)
  3 rust devils (D)
  A guardian serpent (D)
  5 spiny frogs (D)
  A naga mage (D)
  Joseph (D)
  A spiny frog (shapeshifter) (D)
  A tormentor (D)
  4 komodo dragons (D)
  A yaktaur (shapeshifter) (D)
  4 hellions (D)
  2 ice devils (D)
  A komodo dragon (shapeshifter) (D)
  A yaktaur (D)
  A red devil (D)
  A troll (shapeshifter) (D)
  A wind drake (D)
  3 trolls (D)
  A hornet (shapeshifter) (D)
  A slime creature (shapeshifter) (D)
  2 hippogriffs (D)
  Grinder (D)
  2 hippogriffs (shapeshifter) (D)
  A slime creature (D)
  A blink frog (D)
  4 air elementals (D)
  Sigmund (D)
  A flying skull (D)
  2 water elementals (D)
  A shadow (D)
  A wyvern (D)
  3 yaks (D)
  A tarantella (shapeshifter) (D)
  A fire elemental (D)
  Eustachio (D)
  2 wraiths (D)
  A ynoxinul (D)
  A human (shapeshifter) (D)
  5 basilisks (D)
  A hog (shapeshifter) (D)
  A golden eye (shapeshifter) (D)
  A warg (D)
  4 insubstantial wisps (D)
  4 nagas (D)
  Duvessa (D)
  A hell hound (D)
  6 water moccasins (D)
  2 floating eyes (D)
  A water moccasin (shapeshifter) (D)
  3 porcupines (D)
  6 black bears (D)
  10 orc warriors (D)
  5 phantoms (D)
  3 necrophages (D)
  An ogre (shapeshifter) (D)
  An ice beast (shapeshifter) (D)
  3 wolves (D)
  4 ogres (D)
  8 crocodiles (D)
  A big kobold (shapeshifter) (D)
  A gnoll sergeant (D)
  4 bullfrogs (D)
  6 earth elementals (D)
  2 scorpions (D)
  2 wights (D)
  5 quasits (D)
  2 orc priests (D)
  Crazy Yiuf (D)
  4 iron imps (D)
  An orc wizard (D)
  3 mummies (D)
  2 adders (D)
  A gnoll (shapeshifter) (D)
  A white imp (D)
  An ufetubus (D)
  10 adder zombies (D)
  3 adder skeletons (D)
  3 ball pythons (D)
  2 bat skeletons (D)
  2 bat zombies (D)
  2 ball python zombies (D)
  2 giant cockroach zombies (D)
  A jackal zombie (D)
  2 leopard gecko skeletons (D)
  2 leopard gecko zombies (D)
  2 quokka zombies (D)
  A fire vortex (D)
367 creatures vanquished.

Vanquished Creatures (collateral kills)
  An azure jelly (D)
1 creature vanquished.

Vanquished Creatures (others)
  A dancing weapon (D)
  A deep elf mage (D)
  A yak (shapeshifter) (D)
3 creatures vanquished.

Grand Total: 371 creatures vanquished

Notes
Turn   | Place    | Note
-------+----------+-------------------------------------------
     0 | D        | Found the +6 Majin-Bo {vamp, Archmagi MP+6 Int+6}
     0 | D        | Found the +7 great mace "Firestarter" {inner flame, rF++}
     0 | D        | GordonOverkill the Gargoyle Monk began the quest for the Orb.
     0 | D        | Reached XP level 1. HP: 14/14 MP: 1/1
    14 | D        | Found a blossoming altar of Fedhas.
    18 | D        | Found a viscous altar of Jiyva.
    18 | D        | Found a transporter.
    18 | D        | Found a hazy altar of Hepliaklqana.
    18 | D        | Found an ancient bone altar of Kikubaaqudgha.
    18 | D        | Found an opulent altar of Gozag.
    18 | D        | Found a corrupted altar of Lugonu.
    24 | D        | Found a burning altar of Makhleb.
    25 | D        | Found a sacrificial altar of Ru.
    25 | D        | Found a stormy altar of Qazlal.
    25 | D        | Found a deep blue altar of Sif Muna.
    25 | D        | Found an iron altar of Okawaru.
    25 | D        | Found a bloodstained altar of Trog.
    25 | D        | Found a sparkling altar of Nemelex Xobeh.
    31 | D        | Reached XP level 2. HP: 19/19 MP: 2/2
    44 | D        | Found the +6 shillelagh "Devastator" {shatter}
    44 | D        | Found the +11 plutonium sword {*Contam Stlth-}
    44 | D        | Found the +8 lance "Wyrmbane" {slay drac, rPois rF+ rC+ AC+3}
    44 | D        | Found the +9 sword of Zonguldrok {reap}
    44 | D        | Found the cursed +13 scythe of Curses {drain, *Curse}
    44 | D        | Found the +0 sword of Power
    44 | D        | Found the +7 mace of Variability {chain chaos}
    44 | D        | Found the +7 Singing Sword
    44 | D        | Found the +7 longbow "Piercer" {penet, EV-2}
    45 | D        | Found the +9 heavy crossbow "Sniper" {velocity, Acc+∞ SInv}
    45 | D        | Found the +10 dark maul {crush}
    45 | D        | Found the +15 Maxwell's patent armour {-Cast -Tele rElec MR+ rCorr}
    45 | D        | Found the +18 shield of the Gong {rElec rN+ MR+ EV-5}
    45 | D        | Found the cursed +14 obsidian axe {chop, +Fly SInv *Curse}
    53 | D        | Became a worshipper of Makhleb the Destroyer
    53 | D        | Reached * piety under Makhleb
    53 | D        | Reached ** piety under Makhleb
    62 | D        | Entered arena 2.
    62 | D        | Noticed a scorpion
    62 | D        | Noticed a scorpion
    62 | D        | Found a transporter.
    66 | D        | Killed a scorpion
    66 | D        | Reached XP level 3. HP: 23/23 MP: 3/3
    70 | D        | Killed a scorpion
    70 | D        | Reached XP level 4. HP: 22/28 MP: 4/4
   129 | D        | Entered arena 3.
   129 | D        | Noticed a fire elemental
   129 | D        | Noticed a hell hound
   129 | D        | Found a transporter.
   137 | D        | Killed a fire elemental
   137 | D        | Reached XP level 5. HP: 18/32 MP: 5/5
   137 | D        | Reached XP level 6. HP: 21/37 MP: 6/6
   139 | D        | Killed a hell hound
   139 | D        | Reached *** piety under Makhleb
   197 | D        | Entered arena 4.
   197 | D        | Noticed a necrophage
   197 | D        | Noticed a phantom
   197 | D        | Found a transporter.
   207 | D        | Killed a necrophage
   207 | D        | Reached XP level 7. HP: 41/41 MP: 7/7
   211 | D        | Reached **** piety under Makhleb
   213 | D        | Got the +7 broad axe "Puewn" {drain, rPois rF+}
   221 | D        | Entered arena 5.
   221 | D        | Found a transporter.
   237 | D        | Reached ***** piety under Makhleb
   246 | D        | Entered arena 6.
   246 | D        | Noticed a ynoxinul
   246 | D        | Found a transporter.
   267 | D        | Killed a ynoxinul
   267 | D        | Reached skill level 15 in Axes
   267 | D        | Reached XP level 8. HP: 46/46 MP: 8/8
   280 | D        | Entered arena 7.
   298 | D        | Reached ****** piety under Makhleb
   308 | D        | Found a transporter.
   327 | D        | Entered arena 8.
   327 | D        | Noticed a wind drake
   327 | D        | Noticed an air elemental
   330 | D        | Found a transporter.
   332 | D        | Killed an air elemental
   336 | D        | Killed a wind drake
   376 | D        | Entered arena 9.
   384 | D        | Reached XP level 9. HP: 59/59 MP: 9/9
   391 | D        | Found a transporter.
   410 | D        | Got the amulet of Mirth {RegenMP Slay+2 Stlth+}
   413 | D        | Got the ring "Reuch" {MR+ Str+2 Int+2 Dex+3}
   421 | D        | Got the ring "Rezxien" {rPois rF++ rN+ Int+2 Dex-3}
   425 | D        | Entered arena 10.
   430 | D        | Reached skill level 10 in Fighting
   443 | D        | Found a transporter.
   473 | D        | Identified a +2 pair of boots of running (You found it in the Dungeon)
   482 | D        | Entered arena 11.
   492 | D        | Reached skill level 1 in Armour
   499 | D        | Found a transporter.
   510 | D        | Got the cursed ring "Jairch" {Int-2 Slay+6}
   516 | D        | Got the amulet of Ysoviank {Harm *Drain rC+ rN+ Dex+2}
   521 | D        | Entered arena 12.
   521 | D        | Noticed a deep elf demonologist
   521 | D        | Noticed a hornet
   521 | D        | Noticed a deep elf mage
   521 | D        | Noticed a deep elf sorcerer
   521 | D        | Noticed a trident of venom
   523 | D        | Noticed a deep elf sorcerer
   524 | D        | Noticed a deep elf annihilator
   525 | D        | Killed a deep elf mage
   525 | D        | Found a transporter.
   527 | D        | Killed a trident of venom
   530 | D        | Noticed a cacodemon
   530 | D        | Killed a hornet
   530 | D        | Reached XP level 10. HP: 58/72 MP: 10/10
   531 | D        | Noticed an orange demon
   532 | D        | Killed a deep elf sorcerer
   533 | D        | Noticed a hellion
   536 | D        | Noticed a reaper
   536 | D        | Killed a deep elf sorcerer
   537 | D        | Killed a deep elf demonologist
   537 | D        | Reached skill level 10 in Armour
   540 | D        | Killed a deep elf annihilator
   540 | D        | Reached skill level 15 in Fighting
   540 | D        | Reached XP level 11. HP: 82/82 MP: 11/11
   567 | D        | Entered arena 13.
   567 | D        | Noticed a vault guard
   567 | D        | Noticed a lich
   567 | D        | Noticed a vault guard
   567 | D        | Noticed a vault guard
   567 | D        | Noticed a vault guard
   567 | D        | Noticed a shadow dragon
   567 | D        | Noticed a vault guard
   567 | D        | Noticed a vault guard
   568 | D        | Noticed a vault guard
   569 | D        | Noticed a vault guard
   576 | D        | Killed a vault guard
   586 | D        | Killed a lich
   588 | D        | Killed a vault guard
   590 | D        | Killed a vault guard
   592 | D        | Killed a vault guard
   596 | D        | Killed a vault guard
   598 | D        | Killed a vault guard
   598 | D        | Reached XP level 12. HP: 92/92 MP: 16/16
   607 | D        | Killed a shadow dragon
   607 | D        | Reached skill level 15 in Armour
   608 | D        | Found a transporter.
   615 | D        | Killed a vault guard
   618 | D        | Killed a vault guard
   643 | D        | Got the amulet "Giechoyt" {Gourm MP+9 Str+2 Dex+4}
   657 | D        | Entered arena 14.
   690 | D        | Found a transporter.
   718 | D        | Entered arena 15.
   721 | D        | Noticed a naga warrior
   721 | D        | Noticed an anaconda
   721 | D        | Noticed a naga warrior
   721 | D        | Noticed a nagaraja
   722 | D        | Noticed a naga warrior
   732 | D        | Killed an anaconda
   732 | D        | Reached skill level 5 in Dodging
   743 | D        | Killed a naga warrior
   754 | D        | Killed a nagaraja
   764 | D        | Killed a naga warrior
   764 | D        | Reached skill level 10 in Dodging
   764 | D        | Reached XP level 13. HP: 71/101 MP: 17/17
   780 | D        | Found a transporter.
   793 | D        | Got the ring of Qetyloca {rPois rF+ Str+7 Dex-5}
   801 | D        | Entered arena 16.
   831 | D        | Reached skill level 10 in Shields
   841 | D        | Found a transporter.
   958 | D        | Entered arena 17.
   964 | D        | Noticed an iron dragon
   984 | D        | Killed an iron dragon
  1003 | D        | Noticed a crystal guardian
  1003 | D        | Noticed an iron dragon
  1003 | D        | Noticed a crystal guardian
  1003 | D        | Noticed a quicksilver dragon
  1003 | D        | Noticed a quicksilver dragon
  1003 | D        | Noticed a stone giant
  1004 | D        | Found the +7 sceptre of Torment
  1004 | D        | Found a transporter.
  1021 | D        | Killed a quicksilver dragon
  1021 | D        | Killed a quicksilver dragon
  1028 | D        | Killed a crystal guardian
  1036 | D        | Killed a crystal guardian
  1037 | D        | Killed a stone giant
  1044 | D        | Killed an iron dragon
  1044 | D        | Reached skill level 15 in Shields
  1170 | D        | Got the amulet "Met Nuol" {Gourm Int+6 Stlth-}
  1182 | D        | Entered arena 18.
  1188 | D        | Noticed a deep elf sorcerer
  1188 | D        | Noticed a deep elf annihilator
  1189 | D        | Noticed a deep elf blademaster
  1195 | D        | Noticed a deep elf sorcerer
  1200 | D        | Killed a deep elf sorcerer
  1200 | D        | Gained mutation: Your large and strong wings let you fly indefinitely. [Gargoyle growth]
  1200 | D        | Reached XP level 14. HP: 108/108 MP: 18/18
  1211 | D        | Killed a deep elf blademaster
  1213 | D        | Killed a deep elf sorcerer
  1240 | D        | Killed a deep elf annihilator
  1250 | D        | Got the ring of Xom's Fair Game {rC+ Int+4 Stlth-}
  1259 | D        | Found a transporter.
  1280 | D        | Got the amulet of Detoc {Reflect Dex+3 SH+2}
  1290 | D        | Entered arena 19.
  1296 | D        | Noticed Rupert
  1296 | D        | Noticed Saint Roka
  1296 | D        | Noticed Grinder
  1296 | D        | Noticed Erolcha
  1296 | D        | Noticed Eustachio
  1296 | D        | Noticed Nikola
  1296 | D        | Noticed Nessos
  1296 | D        | Noticed Aizul
  1296 | D        | Noticed Polyphemus
  1299 | D        | Noticed Crazy Yiuf
  1301 | D        | Noticed Louise
  1310 | D        | Killed Nikola
  1314 | D        | Noticed Sigmund
  1318 | D        | Noticed Josephine
  1319 | D        | Killed Saint Roka
  1321 | D        | Noticed Frances
  1324 | D        | Killed Josephine
  1328 | D        | Killed Rupert
  1334 | D        | Noticed Erica
  1338 | D        | Killed Polyphemus
  1339 | D        | Killed Erica
  1342 | D        | Noticed Duvessa
  1346 | D        | Killed Erolcha
  1347 | D        | Killed Aizul
  1347 | D        | Killed Duvessa
  1349 | D        | Killed Crazy Yiuf
  1350 | D        | Noticed Joseph
  1350 | D        | Killed Sigmund
  1357 | D        | Killed Frances
  1361 | D        | Killed Grinder
  1363 | D        | Killed Joseph
  1366 | D        | Found a transporter.
  1374 | D        | Killed Louise
  1374 | D        | Reached skill level 27 in Fighting
  1374 | D        | Reached XP level 15. HP: 127/127 MP: 19/19
  1380 | D        | Killed Eustachio
  1384 | D        | Killed Nessos
  1570 | D        | Entered arena 20.
  1583 | D        | Found the +9 staff of Olgreb {rPois}
  1650 | D        | Found a transporter.
  1670 | D        | Entered arena 21.
  1734 | D        | Found a transporter.
  1739 | D        | Got the amulet "Xuenn" {Inacc rPois rC- Int+9 SInv}
  1758 | D        | Entered arena 22.
  1765 | D        | Noticed a balrug
  1787 | D        | Killed a balrug
  1835 | D        | Found the +8 glaive of the Guard {elec, +Rage AC+5 SInv}
  1836 | D        | Found a transporter.
  1844 | D        | Got the amulet of Taqah Jutu {Harm *Drain MR- Str+7 Dex+4}
  1881 | D        | Entered arena 23.
  1891 | D        | Noticed a red draconian scorcher
  1891 | D        | Noticed a white draconian knight
  1891 | D        | Noticed a red draconian knight
  1891 | D        | Noticed a red draconian scorcher
  1906 | D        | Killed a white draconian knight
  1907 | D        | Noticed a green draconian knight
  1916 | D        | Killed a red draconian scorcher
  1920 | D        | Killed a red draconian scorcher
  1921 | D        | Noticed a white draconian knight
  1928 | D        | Noticed a red draconian scorcher
  1938 | D        | Reached XP level 16. HP: 133/133 MP: 20/20
  2065 | D        | Found a transporter.
  2075 | D        | Entered arena 24.
  2084 | D        | Found the +4 arc blade {discharge, rElec}
  2107 | D        | Reached skill level 27 in Armour
  2157 | D        | Reached XP level 17. HP: 139/139 MP: 21/21
  2186 | D        | Found a transporter.
  2233 | D        | Entered arena 25.
  2245 | D        | Noticed a juggernaut
  2245 | D        | Noticed a shard shrike
  2245 | D        | Noticed a titan
  2245 | D        | Noticed a shard shrike
  2245 | D        | Noticed a shard shrike
  2245 | D        | a glowing shapeshifter changed into a shard shrike
  2245 | D        | Noticed a shard shrike
  2245 | D        | Noticed a juggernaut
  2246 | D        | Noticed a shard shrike
  2246 | D        | Noticed a juggernaut
  2246 | D        | Noticed a juggernaut
  2246 | D        | Noticed a shard shrike
  2246 | D        | Noticed a juggernaut
  2246 | D        | a glowing shapeshifter changed into a juggernaut
  2246 | D        | Noticed a titan
  2246 | D        | a shard shrike changed into a titan
  2246 | D        | Noticed a titan
  2246 | D        | a shard shrike changed into a titan
  2246 | D        | Noticed a caustic shrike
  2246 | D        | a titan changed into a caustic shrike
  2247 | D        | Noticed an acid blob
  2247 | D        | a juggernaut changed into an acid blob
  2248 | D        | Noticed a caustic shrike
  2248 | D        | a juggernaut changed into a caustic shrike
  2249 | D        | Noticed a titan
  2249 | D        | a shard shrike changed into a titan
  2250 | D        | Noticed a golden dragon
  2250 | D        | a juggernaut changed into a golden dragon
  2253 | D        | Noticed a juggernaut
  2253 | D        | a titan changed into a juggernaut
  2254 | D        | Noticed a juggernaut
  2256 | D        | Noticed a titan
  2256 | D        | a juggernaut changed into a titan
  2256 | D        | Noticed a juggernaut
  2256 | D        | a shard shrike changed into a juggernaut
  2256 | D        | Noticed a golden dragon
  2257 | D        | a juggernaut changed into an iron dragon
  2259 | D        | Noticed an acid blob
  2259 | D        | an iron dragon changed into an acid blob
  2259 | D        | Noticed a sphinx
  2259 | D        | an acid blob changed into a sphinx
  2260 | D        | Killed a titan
  2260 | D        | Noticed a shard shrike
  2260 | D        | a juggernaut changed into a shard shrike
  2261 | D        | Noticed a shard shrike
  2261 | D        | a juggernaut changed into a shard shrike
  2262 | D        | Noticed a caustic shrike
  2263 | D        | Noticed an acid blob
  2263 | D        | Noticed a titan
  2263 | D        | a shard shrike changed into a titan
  2264 | D        | Noticed a caustic shrike
  2264 | D        | an acid blob changed into a caustic shrike
  2264 | D        | Noticed a juggernaut
  2264 | D        | a titan changed into a juggernaut
  2265 | D        | Killed a sphinx
  2266 | D        | Noticed a titan
  2266 | D        | a shard shrike changed into a titan
  2266 | D        | Noticed a titan
  2266 | D        | a shard shrike changed into a titan
  2267 | D        | Noticed an iron giant
  2267 | D        | a titan changed into an iron giant
  2267 | D        | Noticed a golden dragon
  2267 | D        | a titan changed into a golden dragon
  2268 | D        | a golden dragon changed into a fire giant
  2268 | D        | Noticed a golden dragon
  2268 | D        | an acid blob changed into a golden dragon
  2268 | D        | Noticed a titan
  2268 | D        | a juggernaut changed into a titan
  2268 | D        | Noticed a quicksilver dragon
  2269 | D        | a caustic shrike changed into an iron dragon
  2270 | D        | a golden dragon changed into an iron dragon
  2272 | D        | Noticed a sphinx
  2272 | D        | a fire giant changed into a sphinx
  2273 | D        | a caustic shrike changed into a shadow dragon
  2273 | D        | a golden dragon changed into a shadow dragon
  2273 | D        | Noticed a sphinx
  2273 | D        | a five-headed hydra changed into a sphinx
  2273 | D        | Noticed a titan
  2275 | D        | Killed a titan
  2275 | D        | a sphinx changed into a stone giant
  2275 | D        | Noticed a titan
  2275 | D        | a shadow dragon changed into a titan
  2276 | D        | Noticed a golden dragon
  2276 | D        | an iron giant changed into a golden dragon
  2276 | D        | Noticed an acid blob
  2276 | D        | a titan changed into an acid blob
  2276 | D        | a sphinx changed into an iron troll
  2276 | D        | Noticed an iron giant
  2276 | D        | an iron dragon changed into an iron giant
  2280 | D        | an acid blob changed into a fire giant
  2280 | D        | Noticed a juggernaut
  2280 | D        | a titan changed into a juggernaut
  2285 | D        | Noticed a caustic shrike
  2285 | D        | an iron giant changed into a caustic shrike
  2287 | D        | Killed a golden dragon
  2288 | D        | Noticed a caustic shrike
  2288 | D        | a juggernaut changed into a caustic shrike
  2288 | D        | Noticed an acid blob
  2288 | D        | a caustic shrike changed into an acid blob
  2290 | D        | Noticed a quicksilver dragon
  2290 | D        | an entropy weaver changed into a quicksilver dragon
  2291 | D        | Killed an acid blob
  2291 | D        | Noticed a caustic shrike
  2292 | D        | a quicksilver dragon changed into an azure jelly
  2293 | D        | a caustic shrike changed into an iron dragon
  2293 | D        | a caustic shrike changed into an iron troll
  2299 | D        | Noticed a sphinx
  2299 | D        | a fire giant changed into a sphinx
  2300 | D        | a sphinx changed into a stone giant
  2303 | D        | Noticed an acid blob
  2303 | D        | a shadow dragon changed into an acid blob
  2305 | D        | Noticed an iron giant
  2305 | D        | an acid blob changed into an iron giant
  2309 | D        | Noticed a caustic shrike
  2309 | D        | an iron giant changed into a caustic shrike
  2310 | D        | Noticed a juggernaut
  2310 | D        | a caustic shrike changed into a juggernaut
  2312 | D        | Noticed a golden dragon
  2312 | D        | a shadow dragon changed into a golden dragon
  2315 | D        | Noticed a caustic shrike
  2315 | D        | a juggernaut changed into a caustic shrike
  2323 | D        | Noticed a quicksilver dragon
  2323 | D        | a shadow dragon changed into a quicksilver dragon
  2325 | D        | Noticed a sphinx
  2325 | D        | a quicksilver dragon changed into a sphinx
  2325 | D        | Noticed an iron giant
  2325 | D        | a caustic shrike changed into an iron giant
  2326 | D        | Noticed a caustic shrike
  2326 | D        | a shadow dragon changed into a caustic shrike
  2329 | D        | a caustic shrike changed into a shadow dragon
  2332 | D        | Killed a sphinx
  2332 | D        | an iron giant changed into an iron dragon
  2333 | D        | Noticed a sphinx
  2333 | D        | a stone giant changed into a sphinx
  2333 | D        | Noticed a golden dragon
  2333 | D        | an iron dragon changed into a golden dragon
  2338 | D        | a sphinx changed into an iron troll
  2339 | D        | Killed a golden dragon
  2363 | D        | Found a transporter.
  2404 | D        | Entered arena 26.
  2419 | D        | Noticed an acid blob
  2419 | D        | Noticed an acid blob
  2437 | D        | Killed an acid blob
  2437 | D        | Reached skill level 27 in Axes
  2440 | D        | Noticed an acid blob
  2441 | D        | Noticed an acid blob
  2444 | D        | Killed an acid blob
  2444 | D        | Noticed an acid blob
  2445 | D        | Paralysed by a floating eye for 3 turns
  2453 | D        | Killed an acid blob
  2455 | D        | Killed an acid blob
  2457 | D        | Reached XP level 18. HP: 132/145 MP: 22/22
  2462 | D        | Reached skill level 15 in Dodging
  2462 | D        | Paralysed by a floating eye for 4 turns
  2465 | D        | HP: 9/217 [azure jelly (9)]
  2466 | D        | Mangled by an azure jelly

Vault maps used:
D:        sprint_v

Skill      XL: |  1  2  3  4  5  6  7  8  9 10 11 12 13 14 15 16 17 18 |
---------------+-------------------------------------------------------+-----
Axes           | 7 8 9 11 13 15 17 18 21 27 | 27.0
Shields        | 4 15 25 | 25.1
Fighting       | 8 12 15 17 20 27 | 27.0
Armour         | 4 11 14 15 20 21 27 | 27.0
Invocations    | 6 |  6.3
Dodging        | 10 14 15 | 15.4
Stealth        | |  2.1

Action                   |  1- 3 |  4- 6 |  7- 9 | 10-12 | 13-15 | 16-18 || total
-------------------------+-------+-------+-------+-------+-------+-------++-------
Melee: Broad axe         |     6 |    17 |   123 |   115 |   398 |   278 ||   937
Invok: Lesser Servant of |       |       |     1 |       |       |     2 ||     3
  Use: Potion            |     1 |       |     1 |       |     1 |     1 ||     4
       Scroll            |       |     4 |     2 |     1 |     7 |     5 ||    19
 Stab: Invisible         |       |       |       |       |     4 |       ||     4
       Petrified         |       |       |       |       |     4 |       ||     4
  Eat: Chunk             |       |       |       |       |     4 |     2 ||     6
Armor: Gold dragon scale |     4 |    24 |   125 |   131 |   184 |   259 ||   727
Dodge: Dodged            |     2 |     6 |    36 |    25 |    62 |    46 ||   177
Block: Buckler           |       |     1 |    46 |    48 |    26 |       ||   121
       Shield            |       |       |       |       |   350 |   488 ||   838

Table legend:
 A = Spawn XP
 B = Non-spawn XP
 C = Spawn XP percentage of total XP
 D = Spawn monster count
 E = Non-spawn monster count
 F = Spawn count percentage of total count
 G = Total turns spent on level
                    A         B        C        D         E        F      G
               +---------+---------+-------+---------+---------+-------+---------
         Total |       0 |  246946 |   0.0 |       0 |     367 |   0.0 |  2466
               +---------+---------+-------+---------+---------+-------+---------
             D |       0 |  246946 |   0.0 |       0 |     367 |   0.0 |  2466
               +---------+---------+-------+---------+---------+-------+---------
